 Dungeon Crawl Stone Soup version 0.21.1-1-g345015fe64 (webtiles) character file.

68 Mehrunes the Insei (level 3, -9/27 HPs)
             Began as a Demigod Transmuter on Apr 10, 2018.
             Killed by nerve-wracking pain
             ... invoked by Grinder
              (14 damage)
             ... on level 3 of the Dungeon.
             The game lasted 00:10:23 (2262 turns).

Mehrunes the Insei (Demigod Transmuter)             Turns: 2262, Time: 00:10:24

Health: -9/27      AC:  2    Str: 15    XL:     3   Next: 73%
Magic:  4/8        EV: 20    Int: 17    God:
Gold:   91         SH:  0    Dex: 21    Spells: 0/6 levels left

rFire    . . .     SeeInvis .     - Unarmed
rCold    . . .     Gourm    .   (shield currently unavailable)
rNeg     . . .     Faith    .   (armour currently unavailable)
rPois    x         Spirit   .   (helmet currently unavailable)
rElec    .         Reflect  .   (cloak currently unavailable)
rCorr    .         Harm     .   (gloves currently unavailable)
MR       .....                  (boots currently unavailable)
Stlth    ++........             (no amulet)
HPRegen  0.09/turn              (no ring)
MPRegen  0.11/turn              (no ring)

@: spider-form (expiring), very slightly contaminated
A: tiny, high mp 1
a: End Transformation


You were on level 3 of the Dungeon.
You were near starving.
You were a venomous arachnid creature.
You visited 1 branch of the dungeon, and saw 3 of its levels.

You collected 91 gold pieces.

Inventory:

Hand Weapons
 r - a +0 short sword
Missiles
 a - 11 arrows
Armour
 b - a +0 robe (melded)
 p - a +0 pair of boots (melded)
Scrolls
 e - a scroll of fear
 g - 4 scrolls of immolation
 k - a scroll of magic mapping
 l - 4 scrolls of identify
 m - 2 scrolls of enchant armour {unknown}
 n - 2 scrolls of teleportation
 o - a scroll of remove curse
 q - a scroll of fog
Potions
 f - a potion of curing {unknown}
 h - 3 potions of heal wounds {unknown}
 i - a potion of magic {unknown}
 j - a potion of haste {unknown}
 s - a potion of mutation {unknown}
 t - a potion of cancellation {unknown}
Books
 c - a book of Changes

   Spells                             Type                      Level
   a - Beastly Appendage              Transmutation                1
   b - Sticks to Snakes               Transmutation                2
   c - Spider Form                    Transmutation/Poison         3
   d - Ice Form                       Ice/Transmutation            4
   e - Blade Hands                    Transmutation                5
Comestibles
 d - 4 rations


   Skills:
 - Level 0.8 Fighting
 + Level 2.0 Dodging
 - Level 3.1 Unarmed Combat
 + Level 2.2 Spellcasting
 * Level 3.1 Transmutations


You couldn't memorise any spells.
You knew the following spells:

 Your Spells              Type           Power        Failure   Level  Hunger
a - Beastly Appendage     Tmut           ##....       16%         1    #......
b - Sticks to Snakes      Tmut           ##......     21%         2    ###....
c - Spider Form           Tmut/Pois      #.........   52%         3    ###....


Dungeon Overview and Level Annotations

Branches:
Dungeon (3/15)

Annotations:
D:3 Grinder


Innate Abilities, Weirdness & Mutations

You have an increased reservoir of magic. (+10% MP)


Message History

Grinder is heavily wounded.
Your transformation is almost over.
Grinder gestures at you. Pain shoots through your body!
You barely miss Grinder.
Grinder is heavily wounded.
Grinder gestures at you. Pain shoots through your body!
* * * LOW HITPOINT WARNING * * *
You hit Grinder.
Grinder looks as sick as possible!
Grinder is heavily wounded.
You bite Grinder!
Grinder is severely wounded.
Grinder barely misses you.
You hit Grinder but do no damage.
Grinder is severely wounded.
Grinder gestures at you. Pain shoots through your body!
Ouch! That really hurt!
You die...

..............
####......###
#......###
#........#
#........#
#........#
#.###....######
####.#
##........#
...#. #.######s#
...+
#.##....5.......
...#
#.###.#......###
...# #. #
#......# ...#
#......# ....
#......# .###
#?.....# .#
...##### .#


You could see Grinder.

Vanquished Creatures
  2 adders
  2 worms (D:2)
  3 leopard geckos
  A ball python (D:3)
  3 giant cockroaches
  4 goblins
  3 hobgoblins
  A quokka (D:2)
  5 bats
  2 frilled lizards
  A kobold (D:2)
  4 rats
31 creatures vanquished.

Vanquished Creatures (collateral kills)
  A worm (D:2)
  A leopard gecko (D:1)
  2 bats (D:1)
  2 goblins
  2 hobgoblins (D:2)
  A jackal (D:2)
  A kobold (D:1)
  A frilled lizard (D:1)
  2 rats (D:1)
13 creatures vanquished.

Grand Total: 44 creatures vanquished

Notes
Turn   | Place    | Note
-------+----------+-------------------------------------------
     0 | D:1      | Mehrunes the Demigod Transmuter began the quest for the Orb.
     0 | D:1      | Reached XP level 1. HP: 15/15 MP: 5/5
   509 | D:1      | Reached XP level 2. HP: 22/22 MP: 7/7
   514 | D:1      | Learned a level 2 spell: Sticks to Snakes
  1310 | D:2      | Reached XP level 3. HP: 23/27 MP: 4/8
  1626 | D:2      | Learned a level 3 spell: Spider Form
  2251 | D:3      | Noticed Grinder
  2262 | D:3      | Killed from afar by Grinder

Skill      XL: |  1  2  3 |
---------------+----------+-----
Transmutations | 2 3 |  3.1
Unarmed Combat | 3 |  3.1
Spellcasting   | 2 |  2.2
Dodging        | 2 |  2.0
Fighting       | |  0.8

Action                   || total
-------------------------++-------
Melee: Unarmed           ||    89
       Headbutt          ||    11
       Kick              ||     2
       Punch             ||     1
 Cast: Beastly Appendage ||    13
       Sticks to Snakes  ||    20
       Spider Form       ||     7
  Use: Scroll            ||     8
  Eat: Chunk             ||     5
Armor: Robe              ||    24
       Skin              ||     1
Dodge: Dodged            ||    67
